 Dungeon Crawl Stone Soup version 0.29-a0-824-gd827844252 (webtiles) character file.

Game seed: 2695793882644239510

3591 Gwenloh the Cleaver (level 10, 0/90 HPs)
             Began as a Hill Orc Abyssal Knight on July 7, 2022.
             Was an Elder of Lugonu.
             Slain by a spriggan
             ... wielding a +0 spear
              (5 damage)
             ... in a bailey on July 9, 2022.
             The game lasted 00:26:43 (10031 turns).

Gwenloh the Cleaver (Hill Orc Abyssal Knight)      Turns: 10031, Time: 00:26:44

Health: 0/90       AC: 12    Str: 20    XL:     10   Next: 10%
Magic:  12/16      EV: 10    Int: 10    God:    Lugonu [****..]
Gold:   417        SH:  0    Dex: 15    Spells: 9/9 levels left

rFire   + . .      SeeInvis .   a - +0 war axe
rCold   + . .      Faith    .   (no shield)
rNeg    . . .      Spirit   .   v - +3 scale mail "Nesocvy" {Str+3}
rPois   .          Reflect  .   N - +0 helmet
rElec   .          Harm     .   g - scarf {+Inv}
rCorr   .          Rampage  .   t - +0 pair of gloves
Will    .....                   I - +2 pair of boots
Stlth   ..........              (no amulet)
HPRegen 0.25/turn               h - ring of protection from fire
MPRegen 0.15/turn               y - ring of protection from cold

@: corroded, invisible
A: no striking features
a: Renounce Religion, Evoke Invisibility, Depart the Abyss, Bend Space, Banish,
Corrupt


You were in a bailey.
You worshipped Lugonu.
Lugonu was greatly pleased with you.
You visited 1 branch of the dungeon, and saw 8 of its levels.
You visited the Abyss 1 time.
You also visited: Sewer and Bailey.

You collected 417 gold pieces.

Inventory:

Hand Weapons
 a - a +0 war axe (weapon)
 b - a +0 sling
 H - a +0 flail
 K - a +0 trident
 Q - a +2 hand axe of flaming
Missiles
 l - 8 boomerangs (quivered)
 r - 6 silver boomerangs
 A - 18 poisoned darts
 F - 48 stones
 P - 5 throwing nets
Armour
 d - a +0 plate armour
 g - a scarf of invisibility (worn)
 t - a +0 pair of gloves (worn)
 v - the +3 scale mail "Nesocvy" (worn) {Str+3}
   (You found it on level 4 of the Dungeon)

   Str:       It affects your strength (+3).
 I - a +2 pair of boots (worn)
 N - a +0 helmet (worn)
Jewellery
 h - a ring of protection from fire (left hand)
 o - a ring of magical power
 y - a ring of protection from cold (right hand)
Wands
 J - a wand of flame (26)
Scrolls
 e - a scroll of amnesia {unknown}
 j - 2 scrolls of fear
 p - 2 scrolls of poison
 q - a scroll of enchant weapon {unknown}
 s - a scroll of acquirement {unknown}
 u - a scroll of noise {unknown}
 z - a scroll of magic mapping
 G - 3 scrolls of teleportation
 L - 2 scrolls of enchant armour {unknown}
 M - 3 scrolls of vulnerability
 R - 2 scrolls of immolation {unknown}
Potions
 c - a potion of heal wounds
 f - a potion of haste {unknown}
 i - 2 potions of flight {unknown}
 k - 2 potions of brilliance {unknown}
 m - a potion of magic {unknown}
 n - 3 potions of might
 w - 3 potions of lignification
 x - 2 potions of attraction {unknown}
 B - a potion of cancellation {unknown}
 C - 2 potions of mutation {unknown}
 D - 2 potions of invisibility
 E - a potion of resistance {unknown}
 O - a potion of degeneration {unknown}
 S - 2 potions of curing {unknown}


   Skills:
 + Level 8.4 Fighting
 + Level 8.8 Axes
 + Level 7.2 Armour
 - Level 0.7 Dodging
 + Level 8.7 Invocations
 + Level 6.0 Evocations


You had 9 spell levels left.
You didn't know any spells.
Your spell library contained the following spells:

 Spells                   Type           Power      Damage    Failure   Level
 Magic Dart               Conj           0%         1d3       67%         1
 Call Imp                 Summ           0%         N/A       82%         2
 Static Discharge         Conj/Air       0%         3-3/arc   82%         2
 Mephitic Cloud           Conj/Pois/Air  0%         N/A       96%         3
 Dispel Undead            Necr           0%         3d6       100%        4
 Sticky Flame             Conj/Fire      0%         2d3       100%        4
 Summon Ice Beast         Ice/Summ       0%         N/A       100%        4
 Summon Mana Viper        Hex/Summ       0%         N/A       100%        5
 Monstrous Menagerie      Summ           0%         N/A       100%        7


Dungeon Overview and Level Annotations

Branches:
Dungeon (8/15)             Temple (0/1) D:6            Lair (0/6) D:8
  Sewer (visited)          Bailey (1/1)

Altars:
Kikubaaqudgha
Qazlal
Ru
Vehumet
Wu Jian
Yredelemnul

Shops:
D:2 *   D:6 :

Annotations:
Abyss:1 Dowan


Message History

The spriggan hits you with a +4 scimitar of protection!
The spriggan hits you but does no damage.
You slash the spriggan!
The spriggan is severely wounded.
You hit the spriggan.
The spriggan hits you but does no damage. x2
The spriggan hits you with a +0 spear.
The ogre hits you from afar with a +0 glaive.
Space bends violently around you!
You blink.
An acid dragon comes into view.
The acid dragon spits acid at you. The splash of acid hits you!
* * * LOW HITPOINT WARNING * * *
The acid corrodes you! The spriggan misses you.
You hear two shouts!
Press: ? - help, Shift-Dir - straight line, f - acid dragon
Aim: an acid dragon (catching its breath, chance to affect: 84%)
The acid dragon is devoured by a tear in reality.
Lugonu claims a new guest.
The spriggan hits you but does no damage.
The spriggan hits you from afar with a +0 spear.
* * * LOW HITPOINT WARNING * * *
You feel much better.
The spriggan hits you from afar with a +0 trident!
* * * LOW HITPOINT WARNING * * *
The spriggan closely misses you.
You fade into invisibility!
The spriggan hits you from afar with a +0 spear!
* * * LOW HITPOINT WARNING * * *
The spriggan hits you from afar with a +0 trident.
* * * LOW HITPOINT WARNING * * *
Found a spear.
A two-headed ogre comes into view.
It is wielding a +0 halberd and a +0 glaive.
The spriggan closely misses you.
The spriggan hits you from afar with a +0 spear!
* * * LOW HITPOINT WARNING * * *
The two-headed ogre shouts in stereo!
The spriggan hits you but does no damage.
The spriggan hits you from afar with a +0 spear.
You die...

##.........##
###≈≈≈≈≈### #≈≈≈≈≈#
##≈≈≈≈≈##
##.......##
##..)......##
##..#####♣#..##
##.)##...i.##..##
##..##.@.i.O.##).##
#..##..♣#i#♣..##..#
#..♣..♣♣..O♣♣..#..#
#..#..♣..≈..#).♣..#
#..#. ♣.≈≈≈.♣..#..#
#..#. #).≈..#..♣..#
#..#..♣♣...♣♣..#..#
#..#♣..♣♣♣♣♣..##..#
##..##.......##..##


You could see a two-headed ogre (unable to see you), an ogre (unable to see you)
and 3 spriggans.

Vanquished Creatures
  Pikel (D:7)
  Grinder (D:4)
  A spriggan (Bailey)
  A steam dragon (D:8)
  A water moccasin (D:7)
  A sky beast (D:7)
  5 ogres
  A black bear (D:7)
  A centaur (D:7)
  2 phantoms
  2 kobold brigands
  A necrophage (D:6)
  A gnoll sergeant (D:7)
  A scorpion (D:7)
  3 killer bees (D:7)
  2 howler monkeys
  A jelly (D:5)
  5 orc priests
  3 hounds
  2 gnoll boudas (D:6)
  5 orc wizards
  2 iguanas
  29 gnolls
  9 adders
  3 river rats (D:4)
  A white imp (D:5)
  2 worms
  A dart slug (D:1)
  30 orcs
  7 endoplasms
  A giant cockroach (D:1)
  10 goblins
  2 hobgoblins
  4 jackals (D:1)
  A quokka (D:2)
  8 ball pythons
  6 bats
  9 frilled lizards
  21 kobolds
  6 rats
193 creatures vanquished.

Vanquished Creatures (others)
  Duvessa (D:7)
  19 plants
20 creatures vanquished.

Grand Total: 213 creatures vanquished

Notes
Turn   | Place    | Note
-------+----------+-------------------------------------------
     0 | Abyss:1  | Gwenloh the Hill Orc Abyssal Knight began the quest for the
                  | Orb.
     0 | Abyss:1  | Reached XP level 1. HP: 19/19 MP: 2/2
    14 | D:1      | Escaped the Abyss
   253 | D:1      | Found a faded altar of an unknown god.
   368 | D:1      | Reached XP level 2. HP: 27/27 MP: 4/4
   770 | D:1      | Reached XP level 3. HP: 29/33 MP: 5/5
  2081 | D:2      | Identified the +0 robe of Elyvilon's Delight {rN++ Will-}
  2107 | D:2      | Found Aceheif's Assorted Antiques.
  2501 | D:2      | Reached *** piety under Lugonu
  2739 | D:3      | Reached XP level 4. HP: 33/40 MP: 6/6
  2748 | D:3      | Reached skill level 1 in Evocations
  3127 | D:3      | Found a sacrificial altar of Ru.
  3351 | D:3      | Found a stormy altar of Qazlal.
  3373 | D:3      | Found an ancient bone altar of Kikubaaqudgha.
  3737 | D:4      | Identified the +3 scale mail "Nesocvy" {Str+3}
  3802 | D:4      | Reached XP level 5. HP: 16/47 MP: 7/7
  4264 | D:4      | Reached XP level 6. HP: 31/55 MP: 9/9
  4284 | D:4      | Found a glowing drain.
  4292 | Sewer    | Entered a sewer
  4707 | Sewer    | Reached **** piety under Lugonu
  4760 | Sewer    | Reached skill level 5 in Fighting
  5103 | D:4      | Noticed Grinder
  5128 | D:4      | Reached skill level 5 in Axes
  5128 | D:4      | Reached XP level 7. HP: 53/61 MP: 10/10
  5129 | D:4      | Paralysed by Grinder for 5 turns
  5144 | D:4      | Killed Grinder
  5145 | D:4      | Reached skill level 5 in Invocations
  5300 | D:4      | Upgraded the game from 0.29-a0-821-g66395355a5 to
                  | 0.29-a0-824-gd827844252
  5847 | D:4      | Reached XP level 8. HP: 70/70 MP: 12/12
  5882 | D:4      | Found a basalt altar of Yredelemnul.
  5908 | D:5      | Entered Level 5 of the Dungeon
  6164 | D:5      | Reached skill level 5 in Armour
  6280 | D:5      | Found a radiant altar of Vehumet.
  6550 | D:5      | Found an ornate altar of the Wu Jian Council.
  7086 | D:6      | Found Weosm's Tremendous Tomes.
  7151 | D:6      | Found a staircase to the Ecumenical Temple.
  7870 | D:6      | Reached XP level 9. HP: 76/78 MP: 14/14
  8533 | D:7      | Noticed Dowan
  8533 | D:7      | Noticed Duvessa
  8647 | D:7      | Reached skill level 5 in Evocations
  8771 | D:7      | Killed Duvessa
  8798 | D:7      | Banished Dowan
  9198 | D:7      | Noticed Pikel
  9222 | D:7      | Killed Pikel
  9697 | D:8      | Found a flagged portal.
  9760 | Bailey   | Entered a bailey
  9940 | Bailey   | Reached XP level 10. HP: 86/88 MP: 16/16
 10016 | Bailey   | Identified the +3 steam dragon scales "Feush" {rF- rC+
                  | Int+7}
 10028 | Bailey   | Noticed a two-headed ogre
 10028 | Bailey   | HP: 4/90 [spriggan/+0 spear (11)]
 10031 | Bailey   | Slain by a spriggan

Illustrated notes

Levels and vault maps discovered:
D:1:      minmay_arrival_floating_metal, layout_basic,
          ebering_ecumenical_altar_box, ebering_dispersal_statue_hall
D:2:      layout_basic, serial_shops, shop
D:3:      layout_loops_corners, mainiacjoe_overflow_alcove_2,
          nicolae_ru_awakened_eye, mainiacjoe_overflow_catwalk
D:4:      layout_loops_ring, lemuel_coloured_pillars_altar,
          lightli_sewer_entry_pipes, lexackson_kobold_supper, uniq_grinder
D:5:      layout_loops_ring, mainiacjoe_overflow_surrounded_room,
          lemuel_round_altar, chequers_serial_rivers_small_3
D:6:      layout_basic, minmay_temple_entry_glass, minmay_misc_feat_enclosed,
          nicolae_shop_i_like_big_books
D:7:      layout_basic, uniq_duvessa, uniq_pikel
D:8:      layout_loops_ring, lair_entry_dummy, lightli_bailey_entry_fortress,
          dk_noncrumbling_4
Bailey:   bailey_polearm_enchanted_keep_hellmonk, bailey

Skill      XL: |  1  2  3  4  5  6  7  8  9 10 |
---------------+-------------------------------+-----
Axes           | 3 4 5 7 8 |  8.8
Invocations    | 3 4 5 6 8 |  8.7
Fighting       | 4 5 6 8 |  8.4
Armour         | 3 4 5 7 |  7.2
Evocations     | 1 2 3 4 5 6 |  6.0
Dodging        | |  0.7

Action                   |  1- 3 |  4- 6 |  7- 9 | 10-12 || total
-------------------------+-------+-------+-------+-------++-------
Melee: Hand axe          |   117 |       |       |       ||   117
       War axe           |     6 |   154 |   386 |    13 ||   559
       Punch             |       |     2 |    12 |       ||    14
 Fire: Sling             |       |    23 |    68 |       ||    91
Throw: Boomerang         |     5 |     9 |    15 |     3 ||    32
       Stone             |     3 |       |       |       ||     3
Invok: Bend Space        |       |       |     1 |     1 ||     2
       Banish            |       |       |     1 |     1 ||     2
Evoke: Wand              |       |       |     8 |       ||     8
  Use: Potion            |       |     1 |     4 |     2 ||     7
       Scroll            |       |       |     6 |       ||     6
Armor: Plate armour      |    82 |    23 |       |       ||   105
       Scale mail        |       |    83 |   267 |     8 ||   358
       Skin              |       |       |    12 |       ||    12
Dodge: Dodged            |    23 |    76 |   245 |     7 ||   351

Table legend: (Time is in decaauts)
 A = Elapsed time spent in this place.
 B = Non-inter-level travel time spent in this place.
 C = Inter-level travel time spent in this place.
 D = Time resting spent in this place.
 E = Time spent auto-exploring this place.
 F = Levels seen in this place.
 G = Mean time per level.
                   A        B        C        D        E       F      G
               +--------+--------+--------+--------+--------+-----+--------+
         Total |  10260 |   9896 |    364 |   1297 |   6317 |  11 |  932.7 |
       Dungeon |   9339 |   8975 |    364 |    919 |   6211 |   8 | 1167.4 |
         Abyss |     14 |     14 |      0 |      0 |      0 |   1 |   14.0 |
         Sewer |    630 |    630 |      0 |    241 |    105 |   1 |  630.0 |
        Bailey |    277 |    277 |      0 |    137 |      0 |   1 |  277.0 |
               +--------+--------+--------+--------+--------+-----+--------+

Top non-repeatable levels by time:
     D:4: 1821 daAuts
     D:1: 1611 daAuts
     D:7: 1563 daAuts
     D:6: 1102 daAuts
     D:2: 1096 daAuts
     D:3: 1046 daAuts
     D:5: 945 daAuts
   Sewer: 630 daAuts
  Bailey: 277 daAuts
     D:8: 152 daAuts
 Abyss:1: 14 daAuts
